Map: Emerald City LE

Players

qqq - Winner!

  • Race: Zerg Zerg
  • Spawn Location: 11:00

Massa - Winner!

  • Race: Terran Terran
  • League: Platinum
  • Spawn Location: 11:00

Sduiliams

  • Race: Protoss Protoss
  • League: Diamond
  • Spawn Location: 5:00

SgtPepperoni

  • Race: Zerg Zerg
  • Spawn Location: 5:00

VOD

Have the link to the VOD?

Description

Time

  • Played on: Feb. 6, 2021, 12:53 p.m.
  • Length: 12:24
Show
View Real Time Build Order
Export as new Build Order

qqq Zerg - Winner!

Build Orders: Hatch First 

Get SALT Encoding   

  12  0:04  Drone  
  13  0:09  Drone  
  14  0:19  Overlord  
  14  0:45  Hatchery  
  14  0:48  Drone  
  14  0:50  Drone  
  14  0:56  Drone  
  16  1:06  Drone  
  17  1:20  Spawning Pool  
  17  1:21  Extractor  
  17  1:23  Drone  
  16  1:27  Drone  
  17  1:34  Drone  
  18  1:44  Drone  
  19  1:54  Drone  
  20  2:01  Drone  
  21  2:07  Drone  
  22  2:11  Drone, Queen  
  25  2:39  Drone x2  
  25  2:43  Lair  
  26  2:46  Drone x3, Extractor  
  28  2:52  Hatchery  
  28  2:57  Overlord  
  27  3:02  Overlord  
  27  3:07  Drone  
  28  3:19  Drone  
  29  3:20  Drone x2  
  29  3:23  Overlord  
  31  3:29  Drone x4  
  35  3:37  Overlord  
  35  3:45  Spire  
  35  3:47  Drone  
  35  3:55  Overlord  
  35  3:56  Drone x2  
  35  4:00  Extractor  
  36  4:04  Drone x3  
  36  4:06  Overlord  
  36  4:09  Drone  
  40  4:13  Drone  
  41  4:24  Queen  
  41  4:27  Drone x3  
  41  4:28  Drone  
  47  4:42  Metabolic Boost  
  47  4:44  Zergling x4  
  49  4:45  Drone  
  49  4:46  Drone x3  
  53  4:57  Drone x3  
  56  5:03  Spine Crawler  
  56  5:05  Mutalisk, Spine Crawler  
  56  5:06  Mutalisk x2  
  60  5:12  Extractor  
  59  5:15  Spine Crawler  
  59  5:16  Drone  
  59  5:17  Mutalisk x2  
  59  5:20  Overlord  
  63  5:25  Drone  
  64  5:37  Zerg Flyer Weapons Level 1  
  64  5:42  Hatchery, Overlord  
  63  5:44  Drone x2  
  63  5:45  Zergling x6  
  68  5:51  Drone  
  68  5:52  Mutalisk  
  71  5:57  Extractor  
  71  5:58  Extractor  
  69  6:06  Drone  
  69  6:07  Overlord  
  69  6:08  Drone x2  
  69  6:09  Mutalisk  
  74  6:24  Infestation Pit  
  73  6:29  Spore Crawler  
  72  6:33  Mutalisk  
  72  6:35  Hatchery, Overlord  
  72  6:36  Overlord x4  
  72  6:38  Hatchery  
  72  6:40  Drone x2  
  72  6:41  Drone, Spore Crawler  
  74  6:52  Mutalisk x2  
  78  6:55  Drone x2  
  80  7:05  Drone x2  
  80  7:08  Hive  
  79  7:17  Mutalisk x2  
  79  7:30  Mutalisk x2  
  79  7:36  Drone  
  79  7:37  Drone x4  
  86  7:41  Spine Crawler  
  86  7:42  Spine Crawler  
  86  7:57  Mutalisk x3  
  90  8:02  Drone x5  
  95  8:06  Drone x2  
  95  8:08  Mutalisk  
  95  8:09  Mutalisk  
  101  8:17  Extractor x2, Drone x3  
  101  8:18  Mutalisk  
  101  8:19  Zergling x4  
  106  8:27  Greater Spire  
  106  8:29  Overlord x2  
  106  8:30  Drone x3  
  106  8:31  Drone  
  102  8:57  Hatchery  
  102  8:58  Corruptor x4  
  107  9:29  Corruptor x3  
  107  9:30  Corruptor x2  
  117  9:31  Drone x3  
  117  9:32  Drone x5  
  119  9:47  Zerg Flyer Armor Level 1  
  119  9:50  Drone x3  
  119  9:51  Drone  
  123  9:56  Spore Crawler  
  123  9:58  Extractor x2  
  116  10:16  Brood Lord x3  
  116  10:19  Drone x6  
  116  10:20  Drone x2  
  128  10:24  Evolution Chamber  
  128  10:25  Evolution Chamber  
  128  10:26  Brood Lord  
  128  10:27  Drone  
  120  10:33  Spine Crawler  
  120  10:34  Spine Crawler  
  115  10:36  Drone x4  
  115  10:41  Corruptor x2  
  123  10:43  Brood Lord  
  123  10:48  Corruptor  
  127  10:50  Drone x2  
  127  10:51  Zergling x2  
  127  10:52  Zergling x42  
  147  11:16  Zergling x6, Corruptor x4  
  154  11:28  Overlord x4  
  153  11:39  Corruptor  
  152  11:41  Drone  
  152  11:43  Drone x2  
  150  11:47  Overlord x3  
Show
View Real Time Build Order
Export as new Build Order

Massa Terran - Winner!

Build Orders:  

Get SALT Encoding   

  12  0:00  SCV  
  13  0:12  SCV  
  14  0:18  Supply Depot  
  14  0:24  SCV  
  15  0:40  SCV  
  15  0:42  Barracks  
  16  0:50  Refinery  
  16  0:52  SCV  
  17  1:09  SCV  
  18  1:21  SCV  
  19  1:35  Orbital Command  
  19  1:39  Command Center  
  19  1:46  Supply Depot  
  19  1:55  Barracks Reactor  
  19  2:10  SCV  
  20  2:21  Supply Depot  
  20  2:22  SCV  
  21  2:24  Factory  
  21  2:34  SCV  
  22  2:43  Command Center  
  22  2:48  SCV  
  23  2:54  Marine  
  23  2:55  Refinery  
  23  2:56  Marine  
  25  3:00  SCV  
  25  3:04  Orbital Command  
  26  3:12  Marine  
  27  3:14  Marine  
  27  3:15  Hellion  
  27  3:18  SCV  
  31  3:30  SCV, Marine  
  31  3:31  SCV  
  31  3:32  Marine  
  35  3:42  SCV  
  35  3:44  SCV  
  37  3:49  Starport  
  37  3:50  Factory Tech Lab  
  37  3:51  Marine x2  
  37  3:54  SCV  
  40  3:58  Barracks  
  40  3:59  SCV  
  41  4:03  Orbital Command  
  41  4:12  Cyclone  
  41  4:13  SCV x2  
  41  4:16  Marine  
  41  4:17  Marine  
  48  4:34  Marine x2  
  50  4:44  Siege Tank  
  53  4:52  Marine x2  
  56  5:04  Barracks Tech Lab  
  55  5:08  SCV x3  
  55  5:10  Marine x2  
  60  5:16  Starport Reactor  
  60  5:20  SCV  
  61  5:22  Barracks  
  61  5:24  Supply Depot  
  61  5:25  Barracks, Supply Depot  
  61  5:26  Engineering Bay  
  61  5:29  Armory  
  61  5:35  Stimpack  
  61  5:42  Refinery  
  61  5:45  Refinery, SCV x3, Marine, Siege Tank  
  61  5:48  Supply Depot  
  68  5:50  Supply Depot  
  68  5:58  Viking x2  
  72  6:07  Missile Turret x2  
  72  6:08  Terran Infantry Weapons Level 1  
  72  6:12  Barracks Tech Lab  
  72  6:13  Barracks Reactor  
  72  6:15  Orbital Command, Marauder, Marine x2  
  72  6:17  Engineering Bay  
  76  6:25  SCV x2  
  78  6:33  Marine  
  78  6:37  SCV x2, Marauder  
  83  6:50  Terran Infantry Armor Level 1  
  83  6:53  SCV x3  
  86  6:55  Marauder, Marine x3  
  86  6:56  Marine  
  92  7:04  Terran Vehicle Weapons Level 1  
  92  7:05  SCV  
  93  7:09  Supply Depot  
  93  7:11  Supply Depot  
  93  7:12  Supply Depot  
  93  7:13  Supply Depot  
  93  7:29  Missile Turret  
  93  7:30  SCV, Medivac x2, Siege Tank  
  93  7:32  SCV x2, Marine  
  93  7:33  Marauder x2  
  108  7:41  Command Center  
  108  7:52  SCV x3  
  111  8:00  Marauder  
  111  8:01  Marauder, Marine  
  111  8:03  Siege Tank  
  111  8:04  SCV x2  
  121  8:11  Combat Shield  
  121  8:13  Concussive Shells, Medivac x2  
  121  8:19  Refinery  
  125  8:22  Refinery  
  125  8:26  Supply Depot  
  125  8:27  Terran Infantry Weapons Level 2, Supply Depot x2  
  125  8:48  Widow Mine, SCV x2, Marauder x2  
  133  8:49  SCV  
  133  8:52  Supply Depot x2  
  129  8:57  Supply Depot  
  129  9:00  SCV  
  124  9:09  Widow Mine, Marauder  
  123  9:15  Medivac x2  
  127  9:18  Supply Depot x2  
  127  9:35  Siege Tank  
  130  9:45  Medivac  
  125  10:02  Marauder x2, Marine  
  125  10:03  Marine x3  
  131  10:07  Siege Tank  
  130  10:20  Marine x4  
  122  10:22  Orbital Command  
  122  10:23  Marauder x2  
  123  10:38  Marine x4  
  123  10:39  Siege Tank  
  130  10:44  Marine  
  130  10:45  Marauder  
  129  10:50  Planetary Fortress  
  129  10:52  SCV x2  
  129  10:55  Marine  
  129  10:56  Marine x3  
  135  11:03  Marauder  
  136  11:04  SCV  
  136  11:05  SCV  
  136  11:06  Marauder  
  136  11:11  Siege Tank  
  136  11:16  SCV  
  136  11:17  SCV  
  141  11:24  Marauder  
  141  11:28  SCV  
  141  11:29  SCV  
  141  11:32  Marauder, Marine x3  
  146  11:33  Marine  
  149  11:43  Siege Tank  
  149  11:45  Marauder  
  154  11:50  Marine x2  
  154  11:53  Marauder  
Show
View Real Time Build Order
Export as new Build Order

Sduiliams Protoss 

Build Orders: 1 Gate Expand 

Get SALT Encoding   

  12  0:00  Probe  
  13  0:12  Probe  
  14  0:19  Pylon  
  14  0:24  Probe  
  15  0:37  Probe  
  15  0:40  Gateway  
  16  0:49  Probe  
  17  1:01  Probe  
  18  1:13  Probe  
  18  1:17  Nexus  
  19  1:25  Probe  
  20  1:31  Cybernetics Core  
  20  1:35  Assimilator  
  20  1:37  Probe  
  21  1:45  Pylon  
  21  1:49  Probe  
  22  2:01  Probe  
  23  2:13  Probe  
  24  2:18  Assimilator  
  24  2:26  Probe  
  25  2:38  Probe  
  26  2:47  Shield Battery  
  26  2:50  Probe (Chrono Boost), Stalker (Chrono Boost)  
  29  2:53  Forge  
  29  2:55  Probe (Chrono Boost), Pylon  
  29  2:58  Warp Gate  
  30  3:02  Probe (Chrono Boost)  
  32  3:06  Probe (Chrono Boost)  
  32  3:10  Probe (Chrono Boost)  
  32  3:12  Probe (Chrono Boost)  
  34  3:18  Probe (Chrono Boost), Stalker (Chrono Boost)  
  34  3:19  Probe (Chrono Boost)  
  35  3:24  Assimilator  
  38  3:31  Probe (Chrono Boost)  
  38  3:33  Probe (Chrono Boost)  
  40  3:36  Probe (Chrono Boost)  
  42  3:43  Probe (Chrono Boost)  
  42  3:45  Probe (Chrono Boost)  
  43  3:48  Photon Cannon  
  43  3:50  Sentry  
  43  3:51  Photon Cannon  
  47  3:56  Probe x2 (Chrono Boost), Robotics Facility  
  49  4:04  Probe (Chrono Boost)  
  49  4:05  Probe (Chrono Boost), Gateway  
  49  4:09  Probe (Chrono Boost)  
  49  4:10  Photon Cannon, Assimilator  
  50  4:19  Pylon  
  50  4:20  Stalker  
  52  4:37  Gateway  
  52  4:39  Probe (Chrono Boost)  
  52  4:41  Twilight Council  
  52  4:45  Probe (Chrono Boost)  
  54  5:01  Pylon  
  54  5:05  Immortal  
  58  5:08  Probe (Chrono Boost), Nexus  
  58  5:09  Pylon  
  58  5:10  Stargate  
  60  5:14  Probe (Chrono Boost)  
  60  5:15  Pylon  
  60  5:20  Probe (Chrono Boost)  
  60  5:22  Probe (Chrono Boost)  
  60  5:26  Blink  
  62  5:30  Stalker x2  
  62  5:31  Probe (Chrono Boost)  
  68  5:37  Probe (Chrono Boost)  
  68  5:42  Probe (Chrono Boost)  
  69  5:43  Stalker  
  69  5:46  Probe (Chrono Boost)  
  69  5:48  Shield Battery  
  72  5:50  Photon Cannon  
  72  5:51  Probe (Chrono Boost)  
  72  5:52  Probe (Chrono Boost)  
  74  6:00  Photon Cannon  
  74  6:03  Probe  
  75  6:05  Probe  
  75  6:06  Photon Cannon  
  76  6:15  Probe  
  76  6:17  Probe  
  76  6:18  Probe  
  78  6:20  Observer (Chrono Boost)  
  78  6:21  Fleet Beacon  
  80  6:27  Probe  
  81  6:34  Observer (Chrono Boost), Assimilator  
  81  6:38  Photon Cannon  
  82  6:40  Probe x2, Assimilator  
  82  6:41  Probe  
  82  6:44  Pylon  
  82  6:47  Shield Battery  
  85  6:48  Pylon  
  85  6:52  Probe  
  85  6:53  Probe  
  87  6:54  Protoss Ground Weapons Level 1  
  87  7:00  Forge  
  87  7:03  Stalker  
  87  7:04  Stalker x2  
  87  7:05  Pylon  
  87  7:07  Pylon  
  87  7:08  Photon Cannon  
  93  7:34  Stalker x3  
  93  7:36  Phoenix (Chrono Boost)  
  99  7:38  Probe  
  102  7:52  Phoenix (Chrono Boost)  
  104  8:08  Stalker x3  
  104  8:09  Nexus  
  110  8:12  Pylon  
  110  8:13  Forge  
  110  8:14  Anion Pulse-Crystals  
  110  8:15  Pylon  
  110  8:16  Forge  
  110  8:17  Phoenix  
  112  8:20  Probe (Chrono Boost)  
  112  8:25  Probe x2 (Chrono Boost)  
  115  8:31  Probe (Chrono Boost)  
  118  8:35  Probe x2 (Chrono Boost)  
  118  8:36  Probe (Chrono Boost)  
  118  8:40  Stalker  
  118  8:41  Stalker  
  123  8:42  Phoenix  
  123  8:44  Probe x2  
  127  8:52  Protoss Air Armor Level 1  
  125  9:03  Protoss Ground Armor Level 1  
  125  9:07  Phoenix  
  121  9:25  Photon Cannon  
  121  9:28  Photon Cannon x2  
  119  9:32  Phoenix  
  119  9:34  Stalker x3  
  117  10:05  Stalker x3  
  117  10:06  Nexus  
  121  10:08  Pylon  
  121  10:09  Pylon  
  121  10:11  Pylon  
  117  10:29  Gateway  
  117  10:31  Gateway  
  117  10:34  Gateway  
  111  10:35  Gateway  
  111  10:38  Dark Shrine  
  108  11:01  Stalker  
  108  11:02  Stalker  
  110  11:08  Gateway  
  76  11:51  Dark Templar x2  
  76  11:52  Assimilator  
  72  11:55  Assimilator  
  72  11:59  Photon Cannon  
  72  12:00  Photon Cannon  
  72  12:01  Assimilator  
  72  12:02  Dark Templar x4  
  72  12:03  Dark Templar  
  72  12:05  Assimilator  
  72  12:08  Pylon  
  82  12:11  Nexus, Pylon  
Show
View Real Time Build Order
Export as new Build Order

SgtPepperoni Zerg 

Build Orders: Hatch First, Roach Hydra 

Get SALT Encoding   

  12  0:01  Drone  
  13  0:08  Drone  
  14  0:34  Hatchery  
  13  0:37  Drone  
  14  0:44  Overlord  
  14  0:58  Extractor  
  14  0:59  Drone  
  14  1:05  Drone x2  
  16  1:15  Spawning Pool  
  15  1:19  Drone  
  16  1:26  Drone  
  17  1:33  Drone  
  18  1:45  Drone  
  18  1:46  Overlord  
  19  1:53  Drone  
  20  1:57  Drone  
  21  2:02  Queen  
  23  2:08  Drone  
  23  2:13  Queen  
  26  2:17  Drone  
  26  2:20  Drone  
  28  2:23  Drone  
  29  2:33  Drone x2  
  31  2:47  Drone x3  
  31  2:51  Queen  
  36  2:57  Overlord  
  36  3:02  Overlord  
  36  3:15  Queen  
  36  3:18  Drone x3  
  41  3:29  Drone x3  
  41  3:30  Drone  
  41  3:32  Extractor  
  44  3:35  Lair  
  44  3:36  Extractor  
  44  3:37  Roach Warren  
  42  3:41  Drone x3, Extractor  
  44  4:04  Metabolic Boost  
  44  4:07  Zergling x16  
  52  4:10  Overlord x2  
  52  4:22  Overlord  
  52  4:23  Overlord  
  52  4:33  Glial Reconstitution  
  52  4:36  Drone x5  
  52  4:37  Drone  
  58  4:44  Drone  
  59  4:46  Drone  
  59  4:51  Drone  
  61  5:05  Hatchery  
  60  5:07  Roach  
  60  5:08  Roach x5  
  72  5:15  Extractor x2  
  72  5:19  Nydus Network  
  69  5:23  Roach  
  69  5:24  Roach  
  73  5:33  Hydralisk Den  
  73  5:35  Nydus Network  
  71  5:40  Evolution Chamber  
  71  5:42  Evolution Chamber  
  69  5:47  Drone x3  
  72  5:58  Zergling x4  
  72  5:59  Zergling x4, Roach x4  
  84  6:05  Grooved Spines  
  84  6:15  Zerg Missile Weapons Level 1  
  84  6:16  Zerg Ground Armor Level 1  
  84  6:19  Hydralisk  
  84  6:20  Hydralisk  
  88  6:25  Queen  
  90  6:32  Nydus Canal  
  90  6:36  Overseer  
  90  6:37  Overseer  
  90  6:40  Overlord x2  
  90  6:41  Overlord  
  90  6:44  Overlord  
  90  6:48  Pneumatized Carapace  
  90  6:59  Drone x6  
  96  7:03  Hydralisk  
  96  7:16  Muscular Augments  
  91  7:29  Queen  
  89  7:31  Drone x3  
  89  7:32  Drone x5  
  96  7:55  Nydus Canal  
  96  7:58  Overlord x4  
  96  7:59  Overlord  
  96  8:16  Queen, Hydralisk  
  96  8:17  Hydralisk x7  
  96  8:18  Hydralisk x2  
  118  8:48  Hatchery  
  107  8:49  Extractor  
  107  8:51  Extractor  
  54  9:13  Hydralisk x15  
  54  9:16  Hydralisk  
  76  9:29  Spore Crawler  
  75  9:32  Spore Crawler  
  69  9:49  Drone  
  21  10:29  Hydralisk x2  
  21  10:30  Hydralisk, Roach x2  
  21  10:31  Roach x2  
  35  10:37  Hydralisk  
  37  10:51  Spore Crawler  
  36  11:26  Hatchery  
  35  11:49  Hydralisk x4, Roach  
  35  11:50  Roach  
  35  11:52  Zergling x2  
Tags
 
Add a new tag
Caveats
  • Supply blocks, unpowered buildings, or Contaminate may cause inaccurate times.
  • Supply counts are checked every 10 seconds.